 Dungeon Sprint DCSS version 0.30-a0-177-g1cb5dbfd7a (webtiles) character file.

Game seed: 1053653752491588779

3353 hellse the Grappler (level 10, -13/99 HPs)
             Began as a Gnoll Transmuter on Oct 2, 2022.
             Was an Elder of Okawaru.
             Mangled by Harold
             ... wielding a +2 dire flail of distortion
              (20 damage)
             ... in the Dungeon (Sprint III: "The Ten Rune Challenge").
             The game lasted 00:05:00 (1059 turns).

hellse the Grappler (Gnoll Transmuter)              Turns: 1059, Time: 00:05:00

Health: -13/99     AC:  7    Str: 20    XL:     10   Next: 3%
Magic:  18/24      EV: 16    Int: 12    God:    Okawaru [****..]
Gold:   2326       SH:  0    Dex: 13    Spells: 17/29 levels left

rFire   x . .      SeeInvis .      - Unarmed
rCold   + + +      Faith    .    (shield currently unavailable)
rNeg    . . .      Spirit   .    (body armour currently unavailable)
rPois   +          Reflect  .    (helmet currently unavailable)
rElec   .          Harm     .    (cloak currently unavailable)
rCorr   .          Rampage  .    (gloves currently unavailable)
Will    .....      NoTele   +    (boots currently unavailable)
Stlth   +++++.....               (no amulet)
HPRegen 0.36/turn                s - +6 ring of strength
MPRegen 0.19/turn                (no ring)

@: ice-form, heroic, slowed, very slow
A: freezing attack, amphibious, boosted hp, large, (fangs 1), strong nose,
distributed training
a: End Transformation, Renounce Religion, Heroism, Finesse


You were in the Dungeon.
You worshipped Okawaru.
Okawaru was greatly pleased with you.
You were a creature of crystalline ice.
You visited 1 branch You collected 2686 gold pieces.
You spent 360 gold pieces at shops.

Inventory:

Hand Weapons
 o - a +1 long sword of holy wrath
 r - a +0 shortbow
Missiles
 c - a silver javelin
Armour
 a - a +0 robe (melded)
 q - a +3 troll leather armour {Snorg}
Jewellery
 s - a +6 ring of strength (left front paw)
Scrolls
 h - a scroll of blinking
 k - a scroll of torment {unknown}
 l - a scroll of magic mapping {unknown}
 m - a scroll of poison {unknown}
 n - a scroll of identify {unknown}
Potions
 b - a potion of lignification
 d - 2 potions of heal wounds
 e - a potion of haste
 f - 2 potions of magic
 g - a potion of berserk rage
 i - 3 potions of flight {unknown}
 j - 5 potions of mutation {unknown}
Miscellaneous
 p - a box of beasts


   Skills:
 + Level 9.1(14.1) Fighting
 + Level 8.6(13.6) Short Blades
 + Level 8.6(13.6) Long Blades
 + Level 8.6(13.6) Axes
 + Level 8.6(13.6) Maces & Flails
 + Level 8.6(13.6) Polearms
 + Level 8.6(13.6) Staves
 + Level 8.6(13.6) Ranged Weapons
 + Level 8.6(13.6) Throwing
 + Level 8.6(13.6) Armour
 + Level 9.8(14.8) Dodging
 + Level 8.6(13.6) Stealth
 + Level 8.6(13.6) Shields
 + Level 10.9(15.9) Unarmed Combat
 + Level 10.0 Spellcasting
 + Level 7.2 Conjurations
 + Level 7.2 Hexes
 + Level 7.2 Summonings
 + Level 7.2 Necromancy
 + Level 7.2 Translocations
 + Level 8.2 Transmutations
 + Level 7.2 Fire Magic
 + Level 7.2 Ice Magic
 + Level 7.2 Air Magic
 + Level 7.2 Earth Magic
 + Level 7.2 Poison Magic
 + Level 9.4 Invocations
 + Level 8.6 Evocations


You had 17 spell levels left.
You knew the following spells:

 Your Spells              Type           Power      Damage    Failure   Level
a - Beastly Appendage     Tmut           50%        N/A       1%          1
b - Spider Form           Tmut/Pois      24%        N/A       1%          3
c - Ice Form              Ice/Tmut       24%        N/A       4%          4
d - Dispel Undead         Necr           23%        3d12      6%          4

Your spell library contained the following spells:

 Spells                   Type           Power      Damage    Failure   Level
 Kiss of Death            Conj/Necr      92%        2d12      1%          1
 Wereblood                Tmut           25%        N/A       1%          2
 Confusing Touch          Hex            23%        N/A       1%          3


Dungeon Overview and Level Annotations

Branches:
Dungeon (1/1)

Altars:
Cheibriados
Dithmenos
Elyvilon
Fedhas
Gozag
Hepliaklqana
Kikubaaqudgha
Makhleb
Nemelex Xobeh
Okawaru
Qazlal
Ru
Sif Muna
Trog
Uskayaw
Vehumet
Wu Jian
Xom
Yredelemnul
Zin
The Shining One
Jiyva
Lugonu

Shops:
D =

Annotations:
D Harold, Joseph


Innate Abilities, Weirdness & Mutations

You are a creature of crystalline ice.
You have a powerful freezing melee attack.
You are amphibious.
Your maximum health is increased.
Your armour is entirely melded.
You are incapable of wielding weapons or throwing items.
((You have very sharp teeth.))
Your uncanny sense of smell can sniff out nearby items.
Your experience applies equally to all skills.


Message History

The floor.
Press: ? - help, v - describe, . - travel
Here: Joseph, wielding a +2 quarterstaff of freezing and quivering curare-tipped darts (asleep)
The floor.
There is an open door here.
You gain the combat prowess of a mighty hero.
Joseph shouts!
Harold shouts!
Joseph throws a curare-tipped dart.
The curare-tipped dart hits you.
You have difficulty breathing.
You feel yourself slow down.
Harold hits you with a +2 dire flail of distortion.
Space warps horribly around you! Joseph barely misses you.
Harold gestures at you while chanting.
You feel as though you will be slow longer.
Press: ? - help, v - describe, . - travel
Here: Joseph, wielding a +2 quarterstaff of freezing and quivering curare-tipped darts The floor.
You punch Harold! You freeze Harold.
Harold is lightly wounded.
Joseph hits you with a +2 quarterstaff of freezing!
Harold casts a spell at you. The poison arrow misses you.
You pummel Harold like a punching bag!!!
You freeze Harold!!
Harold is severely wounded.
Joseph hits you with a +2 quarterstaff of freezing.
Harold hits you with a +2 dire flail of distortion!
You hit Harold. You freeze Harold.
Harold is severely wounded.
Joseph closely misses you.
Harold hits you with a +2 dire flail of distortion!
* * * LOW HITPOINT WARNING * * *
Space warps around you.
* * * LOW HITPOINT WARNING * * *
Unknown command.
You punch Harold! You freeze Harold.
Harold is almost dead.
Joseph hits you with a +2 quarterstaff of freezing!
* * * LOW HITPOINT WARNING * * *
Harold hits you with a +2 dire flail of distortion!!
You die...

#[#~§§#.#.#...##.#.#.##
))#.§§#.#.#)).#.#.#.#.#
#[#...#...#...##.#.#.##
▓▓▓▓▓▓▓▓▓▓▓▓▓▓#.#.#.#.#
##.#.#.## +.#.#.#.#
##.#.#.## ##'#####
#.Y.+ ∆∆#.@@# ∆ ∆∆#...#
##### ∆ ∆


You could see Harold and Joseph.

Vanquished Creatures
  Snorg (D)
  A centaur warrior (D)
  A deep elf pyromancer (D)
  An unseen horror (D)
  A shadow (D)
  A spatial vortex (D)
  2 orc warriors (D)
  2 centaurs (D)
  An earth elemental (D)
  A necrophage (D)
  A water elemental (D)
  A jelly (D)
  2 orc priests (D)
  A wizard (D)
  Jessica (D)
  4 orc wizards (D)
  A necromancer (D)
  3 humans (D)
  A kobold demonologist (D)
  A wolf (D)
  10 orcs (D)
  An endoplasm (D)
  2 rats (D)
41 creatures vanquished.

Notes
Turn   | Place    | Note
-------+----------+-------------------------------------------
     0 | D        | hellse the Gnoll Transmuter began the quest for the Orb.
     0 | D        | Reached XP level 1. HP: 17/17 MP: 6/6
    28 | D        | Noticed Jessica
    39 | D        | Killed Jessica
    40 | D        | Reached skill level 1 in Short Blades
    40 | D        | Reached skill level 1 in Long Blades
    40 | D        | Reached skill level 1 in Axes
    40 | D        | Reached skill level 1 in Maces & Flails
    40 | D        | Reached skill level 1 in Polearms
    40 | D        | Reached skill level 1 in Staves
    40 | D        | Reached skill level 1 in Ranged Weapons
    40 | D        | Reached skill level 1 in Throwing
    40 | D        | Reached skill level 1 in Armour
    40 | D        | Reached skill level 1 in Stealth
    40 | D        | Reached skill level 1 in Shields
    40 | D        | Reached skill level 5 in Spellcasting
    40 | D        | Reached skill level 1 in Conjurations
    40 | D        | Reached skill level 1 in Hexes
    40 | D        | Reached skill level 1 in Summonings
    40 | D        | Reached skill level 1 in Necromancy
    40 | D        | Reached skill level 1 in Translocations
    40 | D        | Reached skill level 1 in Fire Magic
    40 | D        | Reached skill level 1 in Ice Magic
    40 | D        | Reached skill level 1 in Air Magic
    40 | D        | Reached skill level 1 in Earth Magic
    40 | D        | Reached skill level 1 in Poison Magic
    40 | D        | Reached skill level 1 in Evocations
    40 | D        | Reached XP level 2. HP: 19/24 MP: 8/8
    40 | D        | Reached XP level 3. HP: 23/29 MP: 9/9
    41 | D        | Reached skill level 5 in Dodging
    73 | D        | Learned a level 3 spell: Spider Form
   138 | D        | Reached XP level 4. HP: 16/36 MP: 7/11
   219 | D        | Learned a level 4 spell: Ice Form
   222 | D        | Noticed a water elemental
   235 | D        | Killed a water elemental
   236 | D        | Reached XP level 5. HP: 31/42 MP: 8/13
   300 | D        | Found a hide-covered altar of Uskayaw.
   300 | D        | Found an iron altar of Okawaru.
   300 | D        | Found a bloodstained altar of Trog.
   300 | D        | Found an ornate altar of the Wu Jian Council.
   300 | D        | Noticed a human
   300 | D        | Noticed a human
   304 | D        | Killed a human
   305 | D        | Reached skill level 5 in Fighting
   305 | D        | Reached skill level 5 in Transmutations
   305 | D        | Reached XP level 6. HP: 51/51 MP: 9/15
   312 | D        | Killed a human
   313 | D        | Reached skill level 5 in Short Blades
   313 | D        | Reached skill level 5 in Long Blades
   313 | D        | Reached skill level 5 in Axes
   313 | D        | Reached skill level 5 in Maces & Flails
   313 | D        | Reached skill level 5 in Polearms
   313 | D        | Reached skill level 5 in Staves
   313 | D        | Reached skill level 5 in Ranged Weapons
   313 | D        | Reached skill level 5 in Throwing
   313 | D        | Reached skill level 5 in Armour
   313 | D        | Reached skill level 5 in Stealth
   313 | D        | Reached skill level 5 in Shields
   313 | D        | Reached skill level 5 in Invocations
   313 | D        | Reached skill level 5 in Evocations
   316 | D        | Became a worshipper of Warmaster Okawaru
   323 | D        | Found a basalt altar of Yredelemnul.
   323 | D        | Found a shadowy altar of Dithmenos.
   323 | D        | Found a sacrificial altar of Ru.
   330 | D        | Reached XP level 7. HP: 58/58 MP: 9/17
   339 | D        | Found a glowing silver altar of Zin.
   339 | D        | Found a glowing golden altar of the Shining One.
   339 | D        | Found a white marble altar of Elyvilon.
   339 | D        | Noticed a deep elf pyromancer
   346 | D        | Killed a deep elf pyromancer
   346 | D        | Reached * piety under Okawaru
   346 | D        | Reached ** piety under Okawaru
   347 | D        | Reached skill level 5 in Conjurations
   347 | D        | Reached skill level 5 in Hexes
   347 | D        | Reached skill level 5 in Summonings
   347 | D        | Reached skill level 5 in Necromancy
   347 | D        | Reached skill level 5 in Translocations
   347 | D        | Reached skill level 5 in Fire Magic
   347 | D        | Reached skill level 5 in Ice Magic
   347 | D        | Reached skill level 5 in Air Magic
   347 | D        | Reached skill level 5 in Earth Magic
   347 | D        | Reached skill level 5 in Poison Magic
   347 | D        | Reached XP level 8. HP: 50/65 MP: 12/20
   426 | D        | Found a radiant altar of Vehumet.
   426 | D        | Found a shimmering blue altar of Sif Muna.
   426 | D        | Found an ancient bone altar of Kikubaaqudgha.
   449 | D        | Learned a level 4 spell: Dispel Undead
   472 | D        | Noticed a shadow
   474 | D        | Killed a shadow
   483 | D        | Found a blossoming altar of Fedhas.
   483 | D        | Found a stormy altar of Qazlal.
   483 | D        | Found a snail-covered altar of Cheibriados.
   483 | D        | Found a burning altar of Makhleb.
   483 | D        | Found a shimmering altar of Xom.
   484 | D        | Found a hazy altar of Hepliaklqana.
   484 | D        | Found an opulent altar of Gozag.
   484 | D        | Found a sparkling altar of Nemelex Xobeh.
   484 | D        | Found a corrupted altar of Lugonu.
   484 | D        | Found a viscous altar of Jiyva.
   550 | D        | Noticed Snorg
   560 | D        | Killed Snorg
   560 | D        | Reached *** piety under Okawaru
   561 | D        | Reached skill level 10 in Unarmed Combat
   561 | D        | Reached XP level 9. HP: 60/74 MP: 16/22
   577 | D        | Noticed a centaur warrior
   582 | D        | Killed a centaur warrior
   582 | D        | Reached **** piety under Okawaru
   818 | D        | Received a gift from Okawaru
   960 | D        | Found Yluhe's Jewellery Shop.
   971 | D        | Bought a +6 ring of strength for 360 gold pieces
  1040 | D        | Killed an unseen horror
  1041 | D        | Reached skill level 10 in Spellcasting
  1041 | D        | Reached XP level 10. HP: 83/83 MP: 20/24
  1052 | D        | Noticed Harold
  1052 | D        | Noticed Joseph
  1059 | D        | Mangled by Harold

Illustrated notes

Levels and vault maps discovered:
D:        dungeon_sprint_mu [sprint_mu_entry_cave, sprint_mu_temple_rooms,
          sprint_mu_d1_horrors, sprint_mu_d2_genie, sprint_mu_d3_branching,
          sprint_mu_orc_legion, sprint_mu_elf_gauntlet, sprint_mu_hive_nellie,
          sprint_mu_lair_fedhas, sprint_mu_vaults_butterflies,
          sprint_mu_slime_circle, sprint_mu_swamp_cave, sprint_mu_snake_twists,
          sprint_mu_blade_basic, sprint_mu_crypt_chambers,
          sprint_mu_tomb_spiral, sprint_mu_vestibule_basic,
          sprint_mu_gehenna_hellfire, sprint_mu_dis_giant,
          sprint_mu_tartarus_statrot, sprint_mu_cocytus_islands, sprint_mu_zot1]

Skill      XL: |  1  2  3  4  5  6  7  8  9 |
---------------+----------------------------+-----
Fighting       | 3 4 5 6 8 9 |  9.1
Short Blades   | 1 2 3 4 5 6 7 8 |  8.6
Long Blades    | 1 2 3 4 5 6 7 8 |  8.6
Axes           | 1 2 3 4 5 6 7 8 |  8.6
Maces & Flails | 1 2 3 4 5 6 7 8 |  8.6
Polearms       | 1 2 3 4 5 6 7 8 |  8.6
Staves         | 1 2 3 4 5 6 7 8 |  8.6
Ranged Weapons | 1 2 3 4 5 6 7 8 |  8.6
Throwing       | 1 2 3 4 5 6 7 8 |  8.6
Armour         | 1 2 3 4 5 6 7 8 |  8.6
Stealth        | 1 2 3 4 5 6 7 8 |  8.6
Shields        | 1 2 3 4 5 6 7 8 |  8.6
Spellcasting   | 5 6 7 8 9 10 | 10.0
Conjurations   | 1 2 3 4 5 6 7 |  7.2
Hexes          | 1 2 3 4 5 6 7 |  7.2
Summonings     | 1 2 3 4 5 6 7 |  7.2
Necromancy     | 1 2 3 4 5 6 7 |  7.2
Translocations | 1 2 3 4 5 6 7 |  7.2
Transmutations | 4 5 6 7 8 |  8.2
Fire Magic     | 1 2 3 4 5 6 7 |  7.2
Ice Magic      | 1 2 3 4 5 6 7 |  7.2
Air Magic      | 1 2 3 4 5 6 7 |  7.2
Earth Magic    | 1 2 3 4 5 6 7 |  7.2
Poison Magic   | 1 2 3 4 5 6 7 |  7.2
Invocations    | 2 3 4 5 7 8 9 |  9.4
Evocations     | 1 2 3 4 5 6 7 8 |  8.6
Dodging        | 5 6 7 8 9 |  9.8
Unarmed Combat | 7 8 9 10 | 10.9

Action                   |  1- 3 |  4- 6 |  7- 9 | 10-12 || total
-------------------------+-------+-------+-------+-------++-------
Melee: Unarmed           |    23 |    27 |    81 |     4 ||   135
       Kick              |     1 |       |       |       ||     1
       Headbutt          |     1 |       |       |       ||     1
       Punch             |     1 |       |       |       ||     1
 Fire: Shortbow          |       |       |     4 |       ||     4
 Cast: Beastly Appendage |     3 |       |       |       ||     3
       Spider Form       |     2 |       |       |       ||     2
       Ice Form          |       |     3 |     7 |     1 ||    11
       Dispel Undead     |       |       |     2 |       ||     2
Invok: Heroism           |       |       |     1 |     1 ||     2
  Use: Potion            |       |       |     1 |       ||     1
 Stab: Sleeping          |       |       |     3 |       ||     3
Armor: Skin              |     1 |     3 |    25 |       ||    29
Dodge: Dodged            |    14 |    12 |    32 |     3 ||    61

Table legend: (Time is in decaauts)
 A = Elapsed time spent in this place.
 B = Non-inter-level travel time spent in this place.
 C = Inter-level travel time spent in this place.
 D = Time resting spent in this place.
 E = Time spent auto-exploring this place.
 F = Levels seen in this place.
 G = Mean time per level.
                   A        B        C        D        E       F      G
               +--------+--------+--------+--------+--------+-----+--------+
         Total |   1039 |   1039 |      0 |    549 |      0 |   1 | 1039.0 |
       Dungeon |   1039 |   1039 |      0 |    549 |      0 |   1 | 1039.0 |
               +--------+--------+--------+--------+--------+-----+--------+

Top non-repeatable levels by time:
       D: 1039 daAuts
